 Dungeon Crawl Stone Soup version 0.31.0-9-g3a7656b989 (webtiles) character file.

Game seed: 13812082900760491389

105 qw the Skirmisher (level 4, -3/25 HPs)
             Began as a Deep Elf Hunter on Feb 2, 2024.
             Slain by a goblin
             ... wielding a +0 dagger
             ... led by Robin
              (5 damage)
             ... on level 3 of the Dungeon.
             The game lasted 00:00:07 (1546 turns).

qw the Skirmisher (Deep Elf Hunter)                 Turns: 1546, Time: 00:00:08

Health: -3/25      AC:  3    Str: 10    XL:     4   Next: 54%
Magic:  6/6        EV: 18    Int: 14    God:
Gold:   135        SH:  0    Dex: 18    Spells: 3/3 levels left

rFire   . . .        n - +0 orcbow
rCold   + . .        (shield currently unavailable)
rNeg    . . .        h - +1 robe {rC+}
rPois   .            (no helmet)
rElec   .            (no cloak)
rCorr   .            (no gloves)
SInv    .            (no boots)
Will    .....        (no amulet)
Stlth   ++           e - +5 ring of evasion
HPRegen 0.24/turn    (no ring)
MPRegen 0.10/turn

%: no passive effects
@: no status effects
A: no striking features
a: no special abilities


You were on level 3 of the Dungeon.
You visited 1 branch of the dungeon, and saw 3 of its levels.

You collected 135 gold pieces.


   Skills:
 - Level 1.5 Fighting
 - Level 8.0 Ranged Weapons
 + Level 2.4 Dodging
 - Level 1.2 Stealth


You had 3 spell levels left.
You didn't know any spells.
Your spell library was empty.

Inventory:

Hand Weapons
 n - a +0 orcbow (weapon)
Armour
 c - a +0 leather armour
 h - a +1 robe of cold resistance (worn)
Jewellery
 e - a +5 ring of evasion (left hand)
Scrolls
 m - a scroll of enchant armour
Potions
 d - a potion of mutation
 f - 2 potions of curing
 i - a potion of might
 k - a potion of enlightenment
 l - a potion of haste

Dungeon Overview and Level Annotations

Branches:
Dungeon (3/15)

Altars:
Fedhas
Gozag

Annotations:
D:3 Robin


Message History

Your Ranged Weapons skill increases to level 8!
You shoot an arrow. The arrow closely misses the goblin.
Robin throws the goblin at you! The goblin barely misses you.
The goblin misses you.
You shoot an arrow.
The arrow hits the orc but does no damage.
The goblin hits the plant with a +0 dagger.
The plant begins to die.
The goblin completely misses you. x2
The orc misses you.
You shoot an arrow. The arrow barely misses the orc.
The goblin hits the plant with a +0 dagger.
The goblin completely misses you. The orc hits you with a +0 mace.
You shoot an arrow. The arrow barely misses the orc.
Robin throws the goblin at you! The goblin hits you with a +0 club.
The goblin misses you. The orc barely misses you.
The goblin closely misses you. The goblin completely misses you.
The orc closely misses you. The goblin misses you.
Robin hits the plant with a +0 dagger.
The plant begins to die.
The goblin closely misses you. The goblin misses you.
You shoot an arrow. The arrow closely misses the orc.
A nearby plant withers and dies.
The goblin hits you with a +0 club. The goblin misses you.
The goblin closely misses you. The orc hits you with a +0 mace.
The goblin misses you.
You shoot an arrow. The arrow hits Robin!
Robin is heavily wounded.
The goblin closely misses you. The orc barely misses you.
The goblin hits you but does no damage. The goblin barely misses you.
The goblin misses you.
You shoot an arrow. The arrow hits Robin.
Robin is almost dead.
A nearby plant withers and dies.
Robin hits you with a +0 dagger. The goblin misses you.
The orc barely misses you. The goblin hits you with a +0 club.
The goblin completely misses you. The goblin hits you but does no damage.
A hobgoblin comes into view.
The goblin barely misses you.
You shoot an arrow.
The arrow hits Robin but does no damage.
Robin is almost dead.
The goblin hits you with a +0 dagger.
You die...

.# .### ...#
##.#########
#.##......#
#.##......#############
#....................<.
####......####gPgP.#..
. ######## #g@g..# ##


#oggS.# #gg...# ##...## #g### .gg ... ... You could see Robin, an adder, an orc,
2 hobgoblins and 8 goblins.

Vanquished Creatures
  An orc priest (D:3)
  2 adders
  2 dart slugs (D:1)
  2 ribbon worms (D:2)
  4 ball pythons
  3 endoplasms
  3 giant cockroaches
  5 hobgoblins
  6 kobolds
  3 quokkas (D:1)
  6 bats
  2 frilled lizards
  6 goblins
  4 rats
49 creatures vanquished.

Notes
Turn   | Place    | Note
-------+----------+-------------------------------------------
     0 | D:1      | qw the Deep Elf Hunter began the quest for the Orb.
     0 | D:1      | Reached XP level 1. HP: 12/12 MP: 3/3
     0 | D:1      | 0 ||| qw: Version: 0.3-a-155-g5e7d8dd
     0 | D:1      | 0 ||| qw: Game counter: 121
     0 | D:1      | 0 ||| qw: Melee chars always use a shield: true
     0 | D:1      | 0 ||| qw: God list: Okawaru
     0 | D:1      | 0 ||| qw: Allow faded altars: false
     0 | D:1      | 0 ||| qw: Do Orc after clearing Dungeon:15 true
     0 | D:1      | 0 ||| qw: Do second Lair branch before Depths: true
     0 | D:1      | 0 ||| qw: Lair rune preference: random
     0 | D:1      | 0 ||| qw: Goals: Normal
     0 | D:1      | 0 ||| PLANNING D:1-11
    72 | D:1      | Reached skill level 6 in Ranged Weapons
    72 | D:1      | Reached XP level 2. HP: 16/16 MP: 4/4
   474 | D:1      | 474 ||| UPGRADING to +1 robe of cold resistance.
   484 | D:1      | 484 ||| DROPPING ring of magical power.
   485 | D:1      | 485 ||| READING scroll labelled TUJOTU BAUNONG.
   486 | D:1      | 486 ||| READING scroll labelled NIOMIE KIRO.
   487 | D:1      | 487 ||| READING scroll labelled HUTESHR REXT.
   487 | D:1      | 487 ||| ENCHANTING +0 shortbow.
   488 | D:1      | 488 ||| DROPPING scroll of butterflies.
   589 | D:2      | Reached XP level 3. HP: 19/20 MP: 5/5
   665 | D:2      | Found an opulent altar of Gozag.
   880 | D:2      | Reached skill level 7 in Ranged Weapons
   895 | D:2      | 895 ||| SWAPPING to +0 orcbow.
   896 | D:2      | 896 ||| DROPPING +0 shortbow.
  1262 | D:2      | 1262 ||| UPGRADING to +5 ring of evasion.
  1263 | D:2      | 1263 ||| READING 2 scrolls labelled MANIXA US DEEFOFF.
  1263 | D:2      | 1263 ||| IDENTIFYING brown potion
  1264 | D:2      | 1264 ||| READING scroll of identify.
  1264 | D:2      | 1264 ||| IDENTIFYING gluggy clear potion
  1265 | D:2      | 1265 ||| READING 2 scrolls labelled HEV HOUDI KIRE.
  1266 | D:2      | 1266 ||| DRINKING 2 inky potions.
  1267 | D:2      | 1267 ||| DROPPING scroll of blinking.
  1309 | D:3      | Reached XP level 4. HP: 25/25 MP: 6/6
  1375 | D:3      | 1375 ||| FLEEEEING.
  1376 | D:3      | 1376 ||| FLEEEEING.
  1377 | D:3      | 1377 ||| FLEEEEING.
  1378 | D:3      | 1378 ||| FLEEEEING.
  1394 | D:3      | 1394 ||| FLEEEEING.
  1395 | D:3      | 1395 ||| FLEEEEING.
  1396 | D:3      | 1396 ||| STAIRDANCE
  1446 | D:2      | 1446 ||| READING 3 scrolls of identify.
  1446 | D:2      | 1446 ||| IDENTIFYING sapphire potion
  1447 | D:2      | 1447 ||| READING 2 scrolls of identify.
  1447 | D:2      | 1447 ||| IDENTIFYING metallic yellow potion
  1448 | D:2      | 1448 ||| READING scroll of identify.
  1448 | D:2      | 1448 ||| IDENTIFYING puce potion
  1449 | D:2      | 1449 ||| DROPPING potion of brilliance.
  1523 | D:3      | Found a blossoming altar of Fedhas.
  1532 | D:3      | Noticed Robin
  1539 | D:3      | Reached skill level 8 in Ranged Weapons
  1543 | D:3      | HP: 5/25 [orc/+0 mace (5)]
  1545 | D:3      | HP: 2/25 [goblin/+0 club[Robin] (1)]
  1546 | D:3      | Slain by a goblin

Levels and vault maps discovered:
D:1:      dpeg_arrival_rhombus, layout_rooms
D:2:      layout_loops_ring, basic_altar
D:3:      minmay_evil_eye, layout_basic, fedhas_altar_1, lemuel_round_altar,
          nemelex_spade_bored_becter, minmay_misc_feat_cross, uniq_sigmund,
          uniq_robin

Skill      XL: |  1  2  3  4 |
---------------+-------------+-----
Ranged Weapons | 6 7 8 |  8.0
Fighting       | |  1.5
Dodging        | |  2.4
Stealth        | |  1.2

Action                     |  1- 3 |  4- 6 || total
---------------------------+-------+-------++-------
   Fire: Shortbow          |   119 |       ||   119
         Orcbow            |    23 |    25 ||    48
    Use: Scroll            |     6 |     3 ||     9
         Potion            |     1 |       ||     1
 Armour: Leather armour    |    10 |       ||    10
         Robe              |    17 |    12 ||    29
  Dodge: Dodged            |    42 |    25 ||    67

Table legend:
 A = Non-vault XP
 B = Vault XP
 C = Vault XP percentage of total XP
 D = Non-vault monster count
 E = Vault monster count
 F = Vault count percentage of total count
                 A         B        C        D         E       F
            +---------+---------+-------+---------+---------+-------
      Total |     147 |       4 |   2.6 |      47 |       2 |   4.1
            +---------+---------+-------+---------+---------+-------
        D:1 |      39 |       0 |   0.0 |      20 |       0 |   0.0
        D:2 |      41 |       0 |   0.0 |      17 |       0 |   0.0
        D:3 |      67 |       4 |   5.6 |      10 |       2 |  16.7
            +---------+---------+-------+---------+---------+-------
